AoeStats
← DeltaOrion

Arena

509556420Analyzed
4v4 RM · 4d ago on Sep 27, 2026· 55m 49s· 8 players
Game mode
Random Map
Map size
Large (8 player)
Population
200
Speed
Normal
Resources
Standard
Victory
Conquest
Starting age
Dark Age
Ending age
Imperial Age
RankedLock teamsTeams togetherTeam positionsShared explorationLock speedFull tech treeHidden civsTurbo modeCheats
Victory
Defeat
🇦🇺 Persians · Australia
1221
+15
🇺🇸 Bohemians · United States
1204
+15
🇵🇪 Danes · Peru
1152
+18
🇺🇸 Jurchens · United States
1129
+19
🇹🇼 Turks · Taiwan
1218
-18
🇺🇸 Khmer · United States
1194
-17
🇳🇿 Berbers · New Zealand
1182
-16
🇮🇩 Spanish · Indonesia
1164
-16
rambo
11:37 Feudal Age
16:08 Castle Age
14:25 Stone Mining
14:27 Double-Bit Axe
14:58 Stone Mining
14:59 Horse Collar
17:38 Gold Mining
19:49 Gold Mining
23:23 Bloodlines
24:39 Fletching
28:29 Padded Archer Armor
29:30 Husbandry
30:08 Crossbowman
31:20 Scale Barding Armor
33:31 Gold Shaft Mining
36:14 Tusk Swords
36:45 Chain Barding Armor
36:37 Forging
36:38 Heavy Plow
39:50 Imperial Age
40:29 Iron Casting
39:50 Bodkin Arrow
40:11 Leather Archer Armor
41:24 Conscription
42:16 Conscription
42:44 Crop Rotation
43:22 Chemistry
43:00 Plate Barding Armor
44:02 Double Crossbow
43:33 Elite Ballista Elephant
44:59 Wheelbarrow
44:13 Loom
44:13 Town Watch
47:10 Blast Furnace
46:11 Bracer
47:13 Elite Battle Elephant
49:25 Ring Archer Armor
52:36 Elite Genitour
傳奇商店
11:08 Feudal Age
16:37 Castle Age
15:14 Double-Bit Axe
15:19 Horse Collar
22:04 Imperial Age
19:47 Bow Saw
20:23 Heavy Plow
23:17 Gold Mining
28:46 Padded Archer Armor
33:43 Fletching
34:09 Leather Archer Armor
34:28 Loom
35:18 Wheelbarrow
36:15 Ballistics
39:31 Gold Shaft Mining
39:16 Bodkin Arrow
39:51 Ring Archer Armor
40:49 Bracer
40:35 Elite Janissary
41:37 Conscription
41:23 Stone Mining
41:59 Hand Cart
43:06 Artillery
scrawnny12
11:37 Feudal Age
12:35 Double-Bit Axe
15:30 Castle Age
13:15 Horse Collar
16:43 Bow Saw
16:36 Heavy Plow
21:33 Wheelbarrow
22:45 Hand Cart
22:38 Gold Mining
24:00 Fletching
26:02 Gold Shaft Mining
29:13 Imperial Age
27:03 Bodkin Arrow
27:58 Ballistics
27:48 Stone Mining
30:00 Stone Shaft Mining
30:09 Bracer
31:12 Chemistry
30:26 Thumb Ring
30:19 Loom
31:21 Bloodlines
31:12 Husbandry
30:51 Elite Camel Archer
31:51 Conscription
31:35 Maghrebi Camels
32:53 Padded Archer Armor
36:09 Masonry
35:41 Treadmill Crane
35:59 Murder Holes
36:15 Fortified Wall
36:12 Siege Engineers
36:04 Town Watch
37:33 Leather Archer Armor
Q_Djarot
4:29 Loom
10:51 Feudal Age
15:04 Castle Age
26:00 Double-Bit Axe
25:56 Horse Collar
26:08 Gold Mining
28:14 Bow Saw
28:06 Heavy Plow
29:08 Stone Mining
29:34 Padded Archer Armor
31:04 Leather Archer Armor
32:23 Wheelbarrow
35:52 Imperial Age
33:40 Hand Cart
33:59 Forging
35:04 Stone Shaft Mining
34:51 Scale Barding Armor
35:27 Iron Casting
36:21 Chain Barding Armor
36:04 Husbandry
35:57 Cavalier
37:43 Blast Furnace
38:47 Plate Barding Armor
38:47 Conscription
38:21 Paladin
Koopa_Troopa99
4:59 Loom
12:23 Feudal Age
16:49 Castle Age
14:40 Double-Bit Axe
14:42 Horse Collar
16:01 Gold Mining
16:31 Stone Mining
16:59 Scale Barding Armor
19:09 Bloodlines
25:43 Wheelbarrow
25:27 Husbandry
26:44 Hand Cart
27:12 Fervor
27:22 Town Watch
28:09 Chain Barding Armor
28:59 Bow Saw
31:08 Ballistics
30:29 Treadmill Crane
33:54 Imperial Age
32:58 Town Patrol
33:45 Pikeman
35:03 Gold Shaft Mining
35:22 Conscription
36:22 Guilds
36:05 Fletching
36:31 Masonry
36:17 Elite Steppe Lancer
37:16 Heavy Plow
38:33 Block Printing
38:42 Ballistics
39:22 Chemistry
38:28 Bodkin Arrow
39:12 Bracer
40:10 Forging
40:12 Squires
40:22 Halberdier
40:25 Elite Skirmisher
42:12 Padded Archer Armor
42:49 Plate Barding Armor
43:11 Leather Archer Armor
45:11 Architecture
46:24 Light Cavalry
47:38 Scale Mail Armor
48:27 Hussar
49:26 Chain Mail Armor
50:49 Iron Casting
51:43 Caravan
52:04 Arson
51:40 Elite Fire Lancer
53:35 Siege Engineers
56:49 Blast Furnace
56:28 Ring Archer Armor
cedric
10:46 Feudal Age
14:36 Castle Age
13:09 Double-Bit Axe
13:05 Horse Collar
13:58 Loom
13:58 Town Watch
16:57 Bow Saw
24:21 Wheelbarrow
25:42 Hand Cart
27:38 Fletching
28:20 Heavy Plow
29:21 Town Patrol
31:54 Imperial Age
30:58 Bodkin Arrow
32:40 Chemistry
32:01 Ballistics
31:41 Murder Holes
33:22 Fortified Wall
34:14 Siege Engineers
33:35 Houfnice
34:42 Conscription
36:07 Bracer
36:08 Padded Archer Armor
36:58 Ballistics
38:36 Squires
37:56 Pikeman
38:22 Arson
38:38 Scale Mail Armor
39:41 Chain Mail Armor
39:32 Halberdier
40:54 Plate Mail Armor
40:27 Caravan
41:17 Forging
41:25 Leather Archer Armor
43:24 Iron Casting
43:54 Wagenburg Tactics
43:20 Sappers
45:04 Ring Archer Armor
45:36 Blast Furnace
45:23 Fortified Wall
45:25 Masonry
45:56 Ring Archer Armor
46:06 Town Patrol
55:28 Architecture
DeltaOrion
11:13 Feudal Age
16:22 Castle Age
14:41 Double-Bit Axe
14:53 Horse Collar
17:09 Bow Saw
17:36 Heavy Plow
19:50 Wheelbarrow
21:39 Hand Cart
22:11 Scale Barding Armor
24:12 Forging
25:12 Gold Mining
25:12 Stone Mining
26:29 Bloodlines
28:08 Chain Barding Armor
29:28 Stone Shaft Mining
29:28 Gold Shaft Mining
29:14 Husbandry
29:06 Town Watch
29:06 Loom
34:32 Imperial Age
32:53 Iron Casting
33:32 Kamandaran
33:28 Fletching
33:38 Padded Archer Armor
34:05 Bodkin Arrow
34:27 Heavy Camel Rider
34:27 Cavalier
35:57 Conscription
36:39 Blast Furnace
36:14 Plate Barding Armor
37:37 Chemistry
36:58 Ballistics
40:01 Plate Barding Armor
39:51 Savar
39:52 Light Cavalry
41:33 Caravan
Pepe el Pollo
10:05 Feudal Age
15:01 Castle Age
13:40 Double-Bit Axe
15:11 Wheelbarrow
19:39 Bow Saw
19:45 Arson
21:04 Forging
21:29 Squires
21:26 Horse Collar
21:39 Loom
22:37 Scale Mail Armor
26:22 Gold Mining
26:41 Heavy Plow
30:22 Imperial Age
27:58 Stone Mining
29:17 Chain Mail Armor
30:51 Hand Cart
34:07 Conscription
36:47 Gold Shaft Mining
36:04 Northmen's Fury
36:50 Onager
41:24 Town Watch
Connection lost

Rejoining the realm…

Still unreachable

The connection could not be restored.

Session expired

The server has moved on; the page needs a fresh start.